 Dungeon Crawl Stone Soup version 0.31-a0-236-g9a0961fb85 (webtiles) character file.

Game seed: 9162906148137961283

101 qw the Shooter (level 4, -3/38 HPs)
             Began as a Minotaur Hexslinger on July 10, 2023.
             Slain by Sigmund
             ... wielding a +0 scythe
              (5 damage)
             ... on level 2 of the Dungeon.
             The game lasted 00:00:21 (996 turns).

qw the Shooter (Minotaur Hexslinger)                 Turns: 996, Time: 00:00:21

Health: -3/38      AC:  5    Str: 12    XL:     4   Next: 48%
Magic:  4/4        EV: 11    Int: 10    God:
Gold:   14         SH:  0    Dex: 21    Spells: 4/5 levels left

rFire   . . .        Y - +1 sling
rCold   . . .        (no shield)
rNeg    . . .        g - +0 ring mail
rPois   .            (helmet restricted)
rElec   .            (no cloak)
rCorr   .            (no gloves)
SInv    .            (no boots)
Will    .....        (no amulet)
Stlth   +            i - +6 ring of dexterity
HPRegen 0.26/turn    (no ring)
MPRegen 0.09/turn

%: no passive effects
@: no status effects
A: horns 2, retaliatory headbutt
a: no special abilities


You were on level 2 of the Dungeon.
You visited 1 branch of the dungeon, and saw 2 of its levels.

You collected 14 gold pieces.


Innate Abilities, Weirdness & Mutations

You have a pair of horns on your head.
You reflexively headbutt those who attack you in melee.


   Skills:
 - Level 3.2 Fighting
 + Level 4.1 Ranged Weapons
 - Level 1.1 Armour
 - Level 2.1 Dodging
 - Level 1.0 Spellcasting
 - Level 2.0 Hexes


You had 4 spell levels left.
You knew the following spells:

 Your Spells              Type           Power      Damage    Failure   Level
a - Slow                  Hex            16%        N/A       34%         1

Your spell library contained the following spells:

 Spells                   Type           Power      Damage    Failure   Level
 Inner Flame              Hex/Fire       2%         N/A       83%         3
 Portal Projectile        Hex/Tloc       4%         N/A       83%         3
 Cause Fear               Hex            2%         N/A       98%         4

Inventory:

Hand Weapons
 Y - a +1 sling (weapon)
Armour
 g - a +0 ring mail (worn)
Jewellery
 i - a +6 ring of dexterity (left hand)
Scrolls
 a - a scroll of noise {unknown}
 b - a scroll of revelation {unknown}
 e - a scroll of identify
Potions
 f - a potion of enlightenment {unknown}
 h - 2 potions of curing

Dungeon Overview and Level Annotations

Branches:
Dungeon (2/15)

Altars:

Annotations:
D:2 Natasha, Sigmund


Message History

You shoot a sling bullet. The sling bullet misses the adder.
The sling bullet closely misses Sigmund.
You feel sick. The adder closely misses you. You furiously retaliate!
You headbutt the adder!
You kill the adder!
Sigmund points at you and mumbles some strange words.
The puff of flame hits you!
Your Armour skill increases to level 1!
You shoot a sling bullet.
The sling bullet hits the giant cockroach.
The giant cockroach is heavily wounded.
You feel sick.
The giant cockroach bites you but does no damage.
Sigmund casts a spell.
Sigmund flickers and vanishes!
Deactivating autopickup; reactivate with Ctrl-A.
The ball python closely misses you. The ball python grabs you.
The ball python constricts you.
You hear an angry hiss.
You shoot a sling bullet.
The sling bullet closely misses the ball python.
You feel sick.
The giant cockroach bites you but does no damage.
The ball python bites you. The ball python constricts you. Something hits you.
Natasha, Servant of Life and Death comes into view.
She is carrying a wand of flame (23).
The giant cockroach closely misses you.
You shoot a sling bullet.
The sling bullet barely misses the ball python.
You feel sick.
You are no longer poisoned.
The ball python bites you. The ball python constricts you.
The giant cockroach barely misses you. Something hits you but does no damage.
The ball python bites you. The ball python constricts you.
Natasha mewls in sadness.
Natasha casts a spell.
You shoot a sling bullet. The sling bullet hits the ball python!
You kill the ball python!
The giant cockroach closely misses you. The giant cockroach misses you.
Something hits you.
You die...

###.#.###.<.#
#.#..##...#
#.##.######
#.##.##.#
#..#.#..#
##.#.#.##
#.....#
##.?.## #.@##
#.B.h.....
#(..{.....
#...5.....
#.........
######.#.. .$
. ..


You could see Natasha, a cerulean imp (summoned) and a giant cockroach.

Vanquished Creatures
  A hound (D:1)
  Natasha (D:2)
  3 adders (D:2)
  A worm (D:2)
  3 bats
  2 endoplasms
  A giant cockroach (D:2)
  A goblin (D:2)
  A hobgoblin (D:1)
  2 jackals (D:1)
  A kobold (D:1)
  4 ball pythons
  A frilled lizard (D:1)
  A rat (D:1)
23 creatures vanquished.

Notes
Turn   | Place    | Note
-------+----------+-------------------------------------------
     0 | D:1      | qw the Minotaur Hexslinger began the quest for the Orb.
     0 | D:1      | Reached XP level 1. HP: 16/16 MP: 1/1
     0 | D:1      | 0 ||| qw: Version: 0.3-a-52-g30416fa
     0 | D:1      | 0 ||| qw: Game counter: 4593
     0 | D:1      | 0 ||| qw: Melee chars always use a shield: true
     0 | D:1      | 0 ||| qw: God list: Okawaru
     0 | D:1      | 0 ||| qw: Allow faded altars: false
     0 | D:1      | 0 ||| qw: Do Orc after clearing Dungeon:15 true
     0 | D:1      | 0 ||| qw: Do second Lair branch before Depths: true
     0 | D:1      | 0 ||| qw: Lair rune preference: random
     0 | D:1      | 0 ||| qw: Goals: Normal
     0 | D:1      | 0 ||| PLANNING D:1-11
   173 | D:1      | Reached skill level 3 in Ranged Weapons
   176 | D:1      | Reached XP level 2. HP: 23/23 MP: 2/2
   538 | D:1      | 538 ||| UPGRADING to +0 ring mail.
   548 | D:1      | 548 ||| DROPPING +0 robe.
   549 | D:1      | 549 ||| UPGRADING to +6 ring of dexterity.
   550 | D:1      | 550 ||| READING scroll labelled OXYXYS BIRIH.
   651 | D:1      | 651 ||| READING 2 scrolls labelled BOASOZ YTT.
   652 | D:1      | 652 ||| DRINKING 3 metallic ruby potions.
   653 | D:1      | 653 ||| DROPPING scroll of poison.
   677 | D:2      | 677 ||| STAIRDANCE
   683 | D:1      | Reached skill level 3 in Fighting
   683 | D:1      | Reached XP level 3. HP: 15/31 MP: 3/3
   795 | D:2      | Noticed Natasha
   807 | D:2      | HP: 7/31 [cerulean imp/+2 spear[Natasha] (4)]
   808 | D:2      | HP: 2/31 [Natasha (5)]
   809 | D:2      | Killed Natasha
   810 | D:2      | Reached skill level 4 in Ranged Weapons
   810 | D:2      | Reached XP level 4. HP: 3/38 MP: 4/4
   986 | D:2      | Noticed Sigmund
   993 | D:2      | Reached skill level 1 in Armour
   994 | D:2      | HP: 9/38 [poisoned by an adder]
   994 | D:2      | Noticed Natasha
   995 | D:2      | HP: 4/38 [ball python (1)]
   996 | D:2      | Slain by Sigmund

Levels and vault maps discovered:
D:1:      dpeg_arrival_shelter, layout_loops_ring, serial_bayou_pond_e
D:2:      layout_rooms, grunt_ministairs_14, uniq_natasha, uniq_sigmund

Skill      XL: |  1  2  3  4 |
---------------+-------------+-----
Ranged Weapons | 3 4 |  4.1
Fighting       | 3 |  3.2
Armour         | 1 |  1.1
Dodging        | |  2.1
Spellcasting   | |  1.0
Hexes          | |  2.0

Action                     |  1- 3 |  4- 6 || total
---------------------------+-------+-------++-------
   Fire: Sling             |    64 |    21 ||    85
    Use: Scroll            |     2 |       ||     2
         Potion            |     1 |       ||     1
 Armour: Ring mail         |    12 |     8 ||    20
  Dodge: Dodged            |    17 |     9 ||    26

Table legend:
 A = Non-vault XP
 B = Vault XP
 C = Vault XP percentage of total XP
 D = Non-vault monster count
 E = Vault monster count
 F = Vault count percentage of total count
                 A         B        C        D         E       F
            +---------+---------+-------+---------+---------+-------
      Total |     109 |      37 |  25.3 |      20 |       3 |  13.0
            +---------+---------+-------+---------+---------+-------
        D:1 |      55 |       1 |   1.8 |      10 |       1 |   9.1
        D:2 |      54 |      36 |  40.0 |      10 |       2 |  16.7
            +---------+---------+-------+---------+---------+-------
